Heat vs Rampage

Created - January 15, 2023 at 19:50

Goals
1 2 3 T
Heat 0 3 2 5
Rampage 0 1 0 1
Shots
1 2 3 T
Heat 6 18 12 36
Rampage 10 10 7 27

1st period

No Goal

Penalties :
Rourke Chartier (San) for Tripping (Minor) at 10:02, Victor Rask (Sto) for Hooking (Minor) at 15:09

2nd period

1. Heat , Trevor Carrick 1 (Rasmus Andersson 23, Nico Sturm 4) at 0:49
2. Heat , Frank Corrado 3 (Evgeny Svechnikov 17, Matthew Nieto 35) at 6:09
3. Rampage , Dylan Sikura 11 (Anthony Richard 10, Wiley Sherman 6) at 13:44
4. Heat , Victor Rask 20 (Matthew Nieto 36, Evgeny Svechnikov 18) at 14:35

Penalties :
No Penalty

3rd period

5. Heat , Matthew Nieto 17 (Victor Rask 41, Erik Brannstrom 11) at 3:23 (PP)
6. Heat , Chris Brown 5 (Peter Cehlarik 7) at 9:22

Penalties :
Travis Sanheim (San) for Hooking (Minor) at 2:26, Erik Brannstrom (Sto) for Tripping (Minor) at 5:10, Vladislav Gavrikov (San) for Hooking (Minor) at 18:27

Goalie Stats

Michael Hutchinson (Sto), 26 saves from 27 shots - (0.963), W, 15-8-2, 60:00 minutes
Magnus Hellberg (San), 31 saves from 36 shots - (0.861), L, 4-3-0, 60:00 minutes

Players Stats for Heat

Player Name              G  A  P  +/- PIM S  H  SB GA TA FO     MP     PP MP  PK MP  
------------------------------------------------------------------------------------
Barclay Goodrow          0  0  0   0  0   5  1  1  1  0  2/2    18:35   2:02   1:13 
Brandon Hickey           0  0  0   2  0   0  0  0  0  0  0/0    17:02   0:19   2:11 
Chris Brown              1  0  1   1  0   2  0  0  0  0  0/4    10:32   2:03   0:54 
Dominik Masin            0  0  0   1  0   1  0  2  0  0  0/0    13:40   0:19   2:07 
Eric Karlsson            0  0  0   1  0   0  3  0  1  0  0/0    13:39   2:03   1:05 
Erik Brannstrom          0  1  1  -1  2   1  0  1  0  0  0/0    18:51   1:34   0:00 
Evgeny Svechnikov        0  2  2   1  0   2  0  0  0  0  2/4    19:59   2:01   0:00 
Frank Corrado            1  0  1   2  0   2  2  2  0  0  0/0    24:32   2:35   1:51 
Mathieu Brodeur          0  0  0   0  0   2  0  4  0  1  0/0    21:48   1:34   0:00 
Matthew Nieto            1  2  3   1  0   3  2  1  0  0  1/1    20:13   2:15   0:00 
Nico Sturm               0  1  1   1  0   5  1  0  0  0  3/5    12:35   0:00   1:51 
Peter Cehlarik           0  1  1   1  0   1  0  0  0  1  0/0    10:07   0:35   2:08 
Rasmus Andersson         0  1  1   2  0   5  5  3  1  1  0/0    24:14   2:35   1:47 
Ryan Donato              0  0  0   0  0   0  2  0  0  0  0/0    15:50   0:25   0:00 
Ryan Spooner             0  0  0   0  0   1  3  3  2  0  4/7    16:26   0:00   0:45 
Tage Thompson            0  0  0   1  0   1  0  1  0  0  0/0     7:24   0:00   0:00 
Trevor Carrick           1  0  1   1  0   2  0  0  0  0  0/0    10:36   0:00   0:00 
Victor Rask              1  1  2   1  2   3  0  0  0  0  15/26  19:57   2:00   0:00 

Players Stats for Rampage

Player Name              G  A  P  +/- PIM S  H  SB GA TA FO     MP     PP MP  PK MP  
------------------------------------------------------------------------------------
Anthony Richard          0  1  1  -1  0   1  0  0  0  0  2/3    12:08   0:54   1:05 
Collin Miller            0  0  0  -1  0   0  0  0  0  0  0/0    13:35   0:00   2:49 
Dominik Simon            0  0  0  -1  0   2  0  0  0  0  1/3    22:18   2:11   0:31 
Dylan Sikura             1  0  1  -1  0   3  1  1  0  0  0/0    11:06   0:10   1:05 
Ethan Bear               0  0  0  -1  0   1  1  1  1  0  0/0    26:20   2:06   1:37 
Jean-Sebastien Dea       0  0  0  -1  0   0  1  0  0  0  1/3     7:11   0:53   0:00 
Jeremy Bracco            0  0  0   0  0   0  1  0  0  0  0/0    10:38   1:47   0:00 
Joachim Blichfeld        0  0  0  -1  0   3  0  0  1  1  0/0    14:04   0:00   0:45 
Jordan Kyrou             0  0  0  -1  0   3  2  0  0  0  0/1    21:30   2:01   0:00 
Matt Roy                 0  0  0  -1  0   0  0  1  0  0  0/0    12:03   0:00   0:35 
Pierre Engvall           0  0  0  -1  0   0  1  1  0  1  2/8    18:07   0:00   2:38 
Pierre-Luc Dubois        0  0  0   0  0   1  1  1  0  0  0/0     9:00   0:00   0:14 
Rourke Chartier          0  0  0  -1  2   4  3  0  0  0  14/24  21:40   2:02   0:00 
Ryan Lomberg             0  0  0  -1  0   2  1  1  0  0  0/1    14:50   1:47   0:00 
Travis Sanheim           0  0  0  -1  2   2  4  1  0  3  0/0    24:42   2:06   0:02 
Trent Frederic           0  0  0   0  0   0  2  1  0  0  2/6    12:59   0:09   2:38 
Vladislav Gavrikov       0  0  0  -1  2   2  0  3  1  0  0/0    21:50   1:52   1:50 
Wiley Sherman            0  1  1  -1  0   3  0  0  0  0  0/0    21:28   1:52   2:03 

3 Stars

1 - Matthew Nieto (Sto)
2 - Frank Corrado (Sto)
3 - Rasmus Andersson (Sto)

Power Play

Heat - 1 on 3 Attempt(s) - 33.33%
Rampage - 0 on 2 Attempt(s) - 0.00%

Penalty Kill

Heat - 2 on 2 Attempt(s) - 100.00% - Score 0 goal in Penalty Kill
Rampage - 2 on 3 Attempt(s) - 66.67% - Score 0 goal in Penalty Kill

Team Stat

Heat - Hits : 19 - Faceoff Wins : 27 - Blocked Shots : 18 - Penalty Minutes : 4
Rampage - Hits : 18 - Faceoff Wins : 22 - Blocked Shots : 11 - Penalty Minutes : 6

Official

Referees : Jean Hebert and Furman South
Linesman : Derek Nansen and Michel Cormier

Game Notes

Jean-Sebastien Dea is injured at 6:38 of 2nd period (Strained Right Knee)

Finance

Level 1 -- Attendance: 2000 (100.00%) -- Ticket Income $70,000
Level 2 -- Attendance: 896 (89.60%) -- Ticket Income $13,440
Total Attendance: 2896 (96.53%)
Total Ticket Income: $83,440
Other Income: $4,172
Total Income: $87,612

Heat

5 vs 5 Forward 
   Center                   Left Wing                Right Wing               Time % Phy DF OF 
 1 Victor Rask              Matthew Nieto            Evgeny Svechnikov        40     1   2  2  
 2 Ryan Spooner             Ryan Donato              Barclay Goodrow          30     1   2  2  
 3 Nico Sturm               Eric Karlsson            Trevor Carrick           20     1   2  2  
 4 Chris Brown              Peter Cehlarik           Tage Thompson            10     1   2  2  

5 vs 5 Defense 
   Defense                  Defense                                           Time % Phy DF OF 
 1 Rasmus Andersson         Frank Corrado                                     40     1   2  2  
 2 Erik Brannstrom          Mathieu Brodeur                                   30     1   2  2  
 3 Brandon Hickey           Dominik Masin                                     20     1   2  2  
 4 Brandon Hickey           Mathieu Brodeur                                   10     1   2  2  

PowerPlay Forward 
   Center                   Left Wing                Right Wing               Time % Phy DF OF 
 1 Victor Rask              Matthew Nieto            Evgeny Svechnikov        60     1   2  2  
 2 Chris Brown              Eric Karlsson            Barclay Goodrow          40     1   2  2  

PowerPlay Defense
   Defense                  Defense                                           Time % Phy DF OF 
 1 Rasmus Andersson         Frank Corrado                                     60     1   2  2  
 2 Erik Brannstrom          Mathieu Brodeur                                   40     1   2  2  

Penalty Kill 4 Players Forward 
   Center                   Wing                     Time % Phy DF OF 
 1 Nico Sturm               Peter Cehlarik           60     1   2  2  
 2 Ryan Spooner             Barclay Goodrow          40     1   2  2  

Penalty Kill 4 Players Defense
   Defense                  Defense                  Time % Phy DF OF 
 1 Rasmus Andersson         Dominik Masin            60     1   2  2  
 2 Brandon Hickey           Frank Corrado            40     1   2  2  

Penalty Kill - 3 Players Forward 
   Forward                                           Time % Phy DF OF 
 1 Matthew Nieto                                     60     1   2  2  
 2 Nico Sturm                                        40     1   2  2  

Penalty Kill - 3 Players Defense
   Defense                  Defense                  Time % Phy DF OF 
 1 Rasmus Andersson         Frank Corrado            60     1   2  2  
 2 Brandon Hickey           Mathieu Brodeur          40     1   2  2  

4 vs 4 Forward 
   Center                   Wing                     Time % Phy DF OF 
 1 Victor Rask              Matthew Nieto            60     1   2  2  
 2 Ryan Spooner             Evgeny Svechnikov        40     1   2  2  

4 vs 4 Defense
   Defense                  Defense                  Time % Phy DF OF 
 1 Rasmus Andersson         Frank Corrado            60     1   2  2  
 2 Erik Brannstrom          Mathieu Brodeur          40     1   2  2  

Last Minutes Offensive
   Center                   Left Wing                Right Wing               Defense                  Defense                  
   Victor Rask              Matthew Nieto            Evgeny Svechnikov        Rasmus Andersson         Frank Corrado            

Last Minutes Defensive
   Center                   Left Wing                Right Wing               Defense                  Defense                  
   Victor Rask              Matthew Nieto            Evgeny Svechnikov        Rasmus Andersson         Frank Corrado            

Goaltenders
Starting : Michael Hutchinson       
Backup : Vitek Vanecek            

Extra Forwards
Normal : Nico Sturm, Ryan Spooner, Evgeny Svechnikov - PP : Ryan Donato, Peter Cehlarik - PK : Barclay Goodrow
Extra Defensemen
Normal : Mathieu Brodeur, Erik Brannstrom, Brandon Hickey - PP : Erik Brannstrom - PK : Dominik Masin, Brandon Hickey
Penalty Shots
Evgeny Svechnikov, Matthew Nieto, Chris Brown, Victor Rask, Peter Cehlarik

Scratches
Christian Jaros (Healthy), Skyler Brind'Amour (Healthy), John Gilmour (Healthy), Darren Raddysh (Healthy), Petteri Lindbohm (Healthy)
Philip Varone (Torn Left ACL Injury), Ivan Chekhovich (Healthy), Vladislav Kamenev (Healthy), Taylor Raddysh (Healthy), Jesper Bratt (Back Injury)
Radim Zohorna (Healthy), Collin Delia (Healthy)

Rampage

5 vs 5 Forward 
   Center                   Left Wing                Right Wing               Time % Phy DF OF 
 1 Rourke Chartier          Dominik Simon            Jordan Kyrou             40     1   2  2  
 2 Jean-Sebastien Dea       Ryan Lomberg             Joachim Blichfeld        30     1   2  2  
 3 Anthony Richard          Pierre Engvall           Dylan Sikura             20     1   2  2  
 4 Trent Frederic           Pierre-Luc Dubois        Jeremy Bracco            10     1   2  2  

5 vs 5 Defense 
   Defense                  Defense                                           Time % Phy DF OF 
 1 Travis Sanheim           Ethan Bear                                        40     1   2  2  
 2 Vladislav Gavrikov       Wiley Sherman                                     30     1   2  2  
 3 Matt Roy                 Collin Miller                                     20     1   2  2  
 4 Vladislav Gavrikov       Ethan Bear                                        10     1   2  2  

PowerPlay Forward 
   Center                   Left Wing                Right Wing               Time % Phy DF OF 
 1 Rourke Chartier          Dominik Simon            Jordan Kyrou             60     1   2  2  
 2 Jean-Sebastien Dea       Ryan Lomberg             Jeremy Bracco            40     1   2  2  

PowerPlay Defense
   Defense                  Defense                                           Time % Phy DF OF 
 1 Travis Sanheim           Ethan Bear                                        60     1   2  2  
 2 Wiley Sherman            Vladislav Gavrikov                                40     1   2  2  

Penalty Kill 4 Players Forward 
   Center                   Wing                     Time % Phy DF OF 
 1 Trent Frederic           Pierre Engvall           60     1   2  2  
 2 Anthony Richard          Dylan Sikura             40     1   2  2  

Penalty Kill 4 Players Defense
   Defense                  Defense                  Time % Phy DF OF 
 1 Collin Miller            Vladislav Gavrikov       60     1   2  2  
 2 Wiley Sherman            Ethan Bear               40     1   2  2  

Penalty Kill - 3 Players Forward 
   Forward                                           Time % Phy DF OF 
 1 Trent Frederic                                    60     1   2  2  
 2 Jean-Sebastien Dea                                40     1   2  2  

Penalty Kill - 3 Players Defense
   Defense                  Defense                  Time % Phy DF OF 
 1 Matt Roy                 Collin Miller            60     1   2  2  
 2 Vladislav Gavrikov       Ethan Bear               40     1   2  2  

4 vs 4 Forward 
   Center                   Wing                     Time % Phy DF OF 
 1 Jean-Sebastien Dea       Pierre Engvall           60     1   2  2  
 2 Trent Frederic           Ryan Lomberg             40     1   2  2  

4 vs 4 Defense
   Defense                  Defense                  Time % Phy DF OF 
 1 Wiley Sherman            Matt Roy                 60     1   2  2  
 2 Vladislav Gavrikov       Travis Sanheim           40     1   2  2  

Last Minutes Offensive
   Center                   Left Wing                Right Wing               Defense                  Defense                  
   Jean-Sebastien Dea       Dominik Simon            Jordan Kyrou             Travis Sanheim           Ethan Bear               

Last Minutes Defensive
   Center                   Left Wing                Right Wing               Defense                  Defense                  
   Trent Frederic           Pierre Engvall           Dylan Sikura             Wiley Sherman            Vladislav Gavrikov       

Goaltenders
Starting : Magnus Hellberg          
Backup : Jake Oettinger           

Extra Forwards
Normal : Pierre Engvall, Jean-Sebastien Dea, Trent Frederic - PP : Jean-Sebastien Dea, Rourke Chartier - PK : Joachim Blichfeld
Extra Defensemen
Normal : Ethan Bear, Vladislav Gavrikov, Travis Sanheim - PP : Matt Roy - PK : Collin Miller, Wiley Sherman
Penalty Shots
Jordan Kyrou, Rourke Chartier, Anthony Richard, Joachim Blichfeld, Dylan Sikura

Scratches
Adam Clendening (Healthy), Artturi Lehkonen (Healthy), Emil Bemstrom (Healthy), T.J. Tynan (Healthy), Kevan Miller (Healthy)
Emil Larmi (Healthy)

% Time on Ice - Heat

Lines # - Real PCT - Wanted PCT - Time Play
Normal Forward
1 - 35% - 40% - 18:06
2 - 30% - 30% - 15:28
3 - 21% - 20% - 10:36
4 - 14% - 10% - 7:24
Normal Defense
1 - 39% - 40% - 19:52
2 - 35% - 30% - 17:49
3 - 19% - 20% - 9:53
4 - 8% - 10% - 4:00
PP Forward
1 - 54% - 60% - 2:25
2 - 46% - 40% - 2:03
PP Defense
1 - 65% - 60% - 2:54
2 - 35% - 40% - 1:34
PK Forward
1 - 81% - 60% - 3:13
2 - 19% - 40% - 0:45
PK Defense
1 - 61% - 60% - 2:25
2 - 39% - 40% - 1:33
PK3 Forward
1 - 0% - 60%
2 - 0% - 40%
PK3 Defense
1 - 0% - 60%
2 - 0% - 40%
44 Forward
1 - 0% - 60%
2 - 0% - 40%
44 Defense
1 - 0% - 60%
2 - 0% - 40%
Last Minute Offensive  - 0:00
Last Minute Defensive  - 0:00
Total
Forward - 60:00
Defense - 60:00

% Time on Ice - Rampage

Lines # - Real PCT - Wanted PCT - Time Play
Normal Forward
1 - 38% - 40% - 19:33
2 - 26% - 30% - 13:31
3 - 19% - 20% - 9:44
4 - 17% - 10% - 8:46
Normal Defense
1 - 42% - 40% - 21:26
2 - 32% - 30% - 16:33
3 - 20% - 20% - 10:32
4 - 6% - 10% - 3:03
PP Forward
1 - 51% - 60% - 2:01
2 - 49% - 40% - 1:57
PP Defense
1 - 53% - 60% - 2:06
2 - 47% - 40% - 1:52
PK Forward
1 - 76% - 60% - 3:23
2 - 24% - 40% - 1:05
PK Defense
1 - 75% - 60% - 3:22
2 - 25% - 40% - 1:06
PK3 Forward
1 - 0% - 60%
2 - 0% - 40%
PK3 Defense
1 - 0% - 60%
2 - 0% - 40%
44 Forward
1 - 0% - 60%
2 - 0% - 40%
44 Defense
1 - 0% - 60%
2 - 0% - 40%
Last Minute Offensive  - 0:00
Last Minute Defensive  - 0:00
Total
Forward - 60:00
Defense - 60:00

Play-by-Play

1st period


0:01 of 1st period - Rourke Chartier wins face-off versus Victor Rask in neutral zone.
0:35 of 1st period - Snap shot by Ryan Spooner.
0:35 of 1st period - Stopped by Magnus Hellberg with a rebound.
1:33 of 1st period - Wrist shot by Jordan Kyrou.
1:33 of 1st period - Shot Misses the Net.
2:06 of 1st period - Off-side.
2:07 of 1st period - Anthony Richard wins face-off versus Nico Sturm in neutral zone.
2:14 of 1st period - Slapshot by Wiley Sherman.
2:14 of 1st period - Stopped by Michael Hutchinson with a rebound.
3:25 of 1st period - Snap shot by Chris Brown.
3:25 of 1st period - Shot Misses the Net.
4:19 of 1st period - Snap shot by Barclay Goodrow.
4:19 of 1st period - Stopped by Magnus Hellberg with a rebound.
4:21 of 1st period - Slapshot by Dominik Masin.
4:21 of 1st period - Stopped by Magnus Hellberg with a rebound.
4:35 of 1st period - Wrist shot by Chris Brown.
4:35 of 1st period - Deflect By Peter Cehlarik.
4:35 of 1st period - Stopped by Magnus Hellberg with a rebound.
4:57 of 1st period - Vladislav Gavrikov is hit by Eric Karlsson and loses puck.
5:27 of 1st period - Icing by Victor Rask.
5:28 of 1st period - Victor Rask wins face-off versus Rourke Chartier in Heat zone.
6:08 of 1st period - Wrist shot by Evgeny Svechnikov.
6:08 of 1st period - Stopped by Magnus Hellberg with a rebound.
6:38 of 1st period - Wrist shot by Joachim Blichfeld.
6:38 of 1st period - Stopped by Michael Hutchinson with a rebound.
6:40 of 1st period - Slapshot by Ethan Bear.
6:40 of 1st period - Shot Blocked by Rasmus Andersson.
6:42 of 1st period - Snap shot by Joachim Blichfeld.
6:42 of 1st period - Shot Misses the Net.
6:44 of 1st period - Wrist shot by Ryan Lomberg.
6:44 of 1st period - Stopped by Michael Hutchinson with a rebound.
6:46 of 1st period - Snap shot by Ryan Lomberg.
6:46 of 1st period - Stopped by Michael Hutchinson with a rebound.
6:48 of 1st period - Wrist shot by Vladislav Gavrikov.
6:48 of 1st period - Stopped by Michael Hutchinson with a rebound.
6:58 of 1st period - Snap shot by Matthew Nieto.
6:58 of 1st period - Shot Blocked by Vladislav Gavrikov.
7:26 of 1st period - Slapshot by Ryan Lomberg.
7:26 of 1st period - Shot Blocked by Matthew Nieto.
7:38 of 1st period - Snap shot by Joachim Blichfeld.
7:38 of 1st period - Stopped by Michael Hutchinson without a rebound.
7:39 of 1st period - Rourke Chartier wins face-off versus Ryan Spooner in Heat zone.
8:04 of 1st period - Brandon Hickey is hit by Pierre-Luc Dubois and loses puck.
8:28 of 1st period - Dylan Sikura is hit by Eric Karlsson and loses puck.
8:56 of 1st period - Chris Brown is hit by Rourke Chartier and loses puck.
10:02 of 1st period - Minor Penalty to Rourke Chartier for Tripping.
10:03 of 1st period - Trent Frederic wins face-off versus Chris Brown in Rampage zone.
10:12 of 1st period - Trent Frederic is hit by Barclay Goodrow and loses puck.
10:41 of 1st period - Ethan Bear is hit by Eric Karlsson and loses puck.
11:10 of 1st period - Victor Rask is hit by Ethan Bear and loses puck.
12:02 of 1st period - Penalty to Rourke Chartier is over, Rourke Chartier is back on ice.
12:39 of 1st period - Travis Sanheim is hit by Nico Sturm and loses puck.
12:52 of 1st period - Snap shot by Rourke Chartier.
12:52 of 1st period - Stopped by Michael Hutchinson without a rebound.
12:53 of 1st period - Dominik Simon wins face-off versus Chris Brown in Heat zone.
13:22 of 1st period - Snap shot by Barclay Goodrow.
13:22 of 1st period - Stopped by Magnus Hellberg without a rebound.
13:23 of 1st period - Jean-Sebastien Dea wins face-off versus Victor Rask in Rampage zone.
13:50 of 1st period - Frank Corrado is hit by Rourke Chartier and loses puck.
13:59 of 1st period - Snap shot by Jordan Kyrou.
13:59 of 1st period - Shot Misses the Net.
14:01 of 1st period - Backhand shot by Dominik Simon.
14:01 of 1st period - Stopped by Michael Hutchinson with a rebound.
14:35 of 1st period - Snap shot by Eric Karlsson.
14:35 of 1st period - Shot Blocked by Dylan Sikura.
15:09 of 1st period - Minor Penalty to Victor Rask for Hooking.
15:10 of 1st period - Nico Sturm wins face-off versus Rourke Chartier in Heat zone.
15:36 of 1st period - Nico Sturm is hit by Jeremy Bracco and loses puck.
16:31 of 1st period - Chris Brown is hit by Jean-Sebastien Dea and loses puck.
17:09 of 1st period - Penalty to Victor Rask is over, Victor Rask is back on ice.
17:27 of 1st period - Evgeny Svechnikov is hit by Dylan Sikura and loses puck.
17:41 of 1st period - Off-side.
17:42 of 1st period - Barclay Goodrow wins face-off versus Anthony Richard in neutral zone.
17:45 of 1st period - Pierre Engvall is hit by Ryan Spooner and loses puck.
18:30 of 1st period - Snap shot by Dylan Sikura.
18:30 of 1st period - Deflect By Matthew Nieto.
18:30 of 1st period - Stopped by Michael Hutchinson with a rebound.
18:32 of 1st period - Snap shot by Wiley Sherman.
18:32 of 1st period - Deflect By Matthew Nieto.
18:32 of 1st period - Stopped by Michael Hutchinson without a rebound.
18:33 of 1st period - Ryan Spooner wins face-off versus Rourke Chartier in Heat zone.
Goals for this period are 0 for Heat vs 0 for Rampage.
Shots for this period are 6 for Heat vs 10 for Rampage.

2nd period


0:01 of 2nd period - Rourke Chartier wins face-off versus Victor Rask in neutral zone.
0:35 of 2nd period - Slapshot by Joachim Blichfeld.
0:35 of 2nd period - Stopped by Michael Hutchinson with a rebound.
0:47 of 2nd period - Slapshot by Rasmus Andersson.
0:47 of 2nd period - Stopped by Magnus Hellberg with a rebound.
0:49 of 2nd period - Snap shot by Trevor Carrick.
0:49 of 2nd period - Goal by Trevor Carrick - Heat : 1 - Rampage : 0.
0:50 of 2nd period - Victor Rask wins face-off versus Rourke Chartier in neutral zone.
1:01 of 2nd period - Wrist shot by Rourke Chartier.
1:01 of 2nd period - Shot Blocked by Mathieu Brodeur.
1:55 of 2nd period - Wrist shot by Dylan Sikura.
1:55 of 2nd period - Shot Blocked by Erik Brannstrom.
3:19 of 2nd period - Snap shot by Nico Sturm.
3:19 of 2nd period - Shot Blocked by Vladislav Gavrikov.
3:21 of 2nd period - Wrist shot by Nico Sturm.
3:21 of 2nd period - Shot Blocked by Pierre Engvall.
3:23 of 2nd period - Snap shot by Mathieu Brodeur.
3:23 of 2nd period - Deflect By Anthony Richard.
3:23 of 2nd period - Stopped by Magnus Hellberg with a rebound.
3:43 of 2nd period - Backhand shot by Anthony Richard.
3:43 of 2nd period - Stopped by Michael Hutchinson without a rebound.
3:44 of 2nd period - Rourke Chartier wins face-off versus Victor Rask in Heat zone.
4:32 of 2nd period - Wrist shot by Peter Cehlarik.
4:32 of 2nd period - Shot Blocked by Pierre-Luc Dubois.
4:34 of 2nd period - Slapshot by Rasmus Andersson.
4:34 of 2nd period - Stopped by Magnus Hellberg with a rebound.
4:36 of 2nd period - Slapshot by Chris Brown.
4:36 of 2nd period - Stopped by Magnus Hellberg with a rebound.
4:38 of 2nd period - Snap shot by Tage Thompson.
4:38 of 2nd period - Stopped by Magnus Hellberg without a rebound.
4:39 of 2nd period - Evgeny Svechnikov wins face-off versus Dominik Simon in Rampage zone.
4:53 of 2nd period - Icing by Rourke Chartier.
4:54 of 2nd period - Ryan Spooner wins face-off versus Dominik Simon in Rampage zone.
5:49 of 2nd period - Snap shot by Jordan Kyrou.
5:49 of 2nd period - Stopped by Michael Hutchinson without a rebound.
5:50 of 2nd period - Victor Rask wins face-off versus Jean-Sebastien Dea in Heat zone.
5:59 of 2nd period - Slapshot by Rasmus Andersson.
5:59 of 2nd period - Stopped by Magnus Hellberg with a rebound.
6:01 of 2nd period - Snap shot by Matthew Nieto.
6:01 of 2nd period - Stopped by Magnus Hellberg without a rebound.
6:02 of 2nd period - Victor Rask wins face-off versus Jean-Sebastien Dea in Rampage zone.
6:07 of 2nd period - Snap shot by Evgeny Svechnikov.
6:07 of 2nd period - Shot Misses the Net.
6:09 of 2nd period - Slapshot by Frank Corrado.
6:09 of 2nd period - Goal by Frank Corrado - Heat : 2 - Rampage : 0.
6:10 of 2nd period - Rourke Chartier wins face-off versus Victor Rask in neutral zone.
6:19 of 2nd period - Snap shot by Jordan Kyrou.
6:19 of 2nd period - Shot Blocked by Frank Corrado.
6:21 of 2nd period - Snap shot by Dominik Simon.
6:21 of 2nd period - Shot Blocked by Rasmus Andersson.
6:23 of 2nd period - Snap shot by Dominik Simon.
6:23 of 2nd period - Stopped by Michael Hutchinson with a rebound.
6:25 of 2nd period - Snap shot by Rourke Chartier.
6:25 of 2nd period - Shot Misses the Net.
6:37 of 2nd period - Jean-Sebastien Dea is hit by Rasmus Andersson and loses puck.
6:38 of 2nd period - Jean-Sebastien Dea from Rampage is injured at 6:38 of 2nd period (Strained Right Knee).
6:39 of 2nd period - Rourke Chartier wins face-off versus Victor Rask in Rampage zone.
7:14 of 2nd period - Snap shot by Ryan Lomberg.
7:14 of 2nd period - Shot Misses the Net.
7:34 of 2nd period - Snap shot by Ethan Bear.
7:34 of 2nd period - Stopped by Michael Hutchinson without a rebound.
7:35 of 2nd period - Victor Rask wins face-off versus Trent Frederic in Heat zone.
7:42 of 2nd period - Icing by Rasmus Andersson.
7:43 of 2nd period - Victor Rask wins face-off versus Rourke Chartier in Heat zone.
7:58 of 2nd period - Slapshot by Evgeny Svechnikov.
7:58 of 2nd period - Shot Misses the Net.
8:00 of 2nd period - Snap shot by Frank Corrado.
8:00 of 2nd period - Stopped by Magnus Hellberg with a rebound.
8:02 of 2nd period - Snap shot by Victor Rask.
8:02 of 2nd period - Stopped by Magnus Hellberg without a rebound.
8:03 of 2nd period - Barclay Goodrow wins face-off versus Pierre Engvall in Rampage zone.
8:28 of 2nd period - Dominik Masin is hit by Jordan Kyrou and loses puck.
8:33 of 2nd period - Wrist shot by Rourke Chartier.
8:33 of 2nd period - Stopped by Michael Hutchinson without a rebound.
8:34 of 2nd period - Victor Rask wins face-off versus Rourke Chartier in Heat zone.
8:49 of 2nd period - Vladislav Gavrikov is hit by Rasmus Andersson and loses puck.
9:14 of 2nd period - Wrist shot by Jordan Kyrou.
9:14 of 2nd period - Shot Blocked by Ryan Spooner.
9:20 of 2nd period - Rourke Chartier is hit by Frank Corrado and loses puck.
10:05 of 2nd period - Snap shot by Rourke Chartier.
10:05 of 2nd period - Stopped by Michael Hutchinson without a rebound.
10:06 of 2nd period - Pierre Engvall wins face-off versus Victor Rask in Heat zone.
10:22 of 2nd period - Off-side.
10:23 of 2nd period - Nico Sturm wins face-off versus Trent Frederic in neutral zone.
10:32 of 2nd period - Eric Karlsson is hit by Travis Sanheim and loses puck.
11:03 of 2nd period - Matthew Nieto is hit by Ryan Lomberg.
12:11 of 2nd period - Slapshot by Frank Corrado.
12:11 of 2nd period - Shot Blocked by Ryan Lomberg.
12:59 of 2nd period - Slapshot by Rasmus Andersson.
12:59 of 2nd period - Deflect By Jeremy Bracco.
12:59 of 2nd period - Stopped by Magnus Hellberg with a rebound.
13:01 of 2nd period - Snap shot by Nico Sturm.
13:01 of 2nd period - Stopped by Magnus Hellberg with a rebound.
13:44 of 2nd period - Slapshot by Dylan Sikura.
13:44 of 2nd period - Goal by Dylan Sikura - Heat : 2 - Rampage : 1.
13:45 of 2nd period - Rourke Chartier wins face-off versus Victor Rask in neutral zone.
13:50 of 2nd period - Slapshot by Ethan Bear.
13:50 of 2nd period - Shot Misses the Net.
14:01 of 2nd period - Off-side.
14:02 of 2nd period - Ryan Spooner wins face-off versus Ryan Lomberg in neutral zone.
14:08 of 2nd period - Off-side.
14:09 of 2nd period - Ryan Spooner wins face-off versus Pierre Engvall in neutral zone.
14:19 of 2nd period - Slapshot by Travis Sanheim.
14:19 of 2nd period - Stopped by Michael Hutchinson without a rebound.
14:20 of 2nd period - Victor Rask wins face-off versus Rourke Chartier in Heat zone.
14:25 of 2nd period - Snap shot by Matthew Nieto.
14:25 of 2nd period - Stopped by Magnus Hellberg with a rebound.
14:35 of 2nd period - Wrist shot by Victor Rask.
14:35 of 2nd period - Goal by Victor Rask - Heat : 3 - Rampage : 1.
14:36 of 2nd period - Victor Rask wins face-off versus Rourke Chartier in neutral zone.
15:14 of 2nd period - Slapshot by Rasmus Andersson.
15:14 of 2nd period - Deflect By Travis Sanheim.
15:14 of 2nd period - Stopped by Magnus Hellberg with a rebound.
15:28 of 2nd period - Slapshot by Erik Brannstrom.
15:28 of 2nd period - Stopped by Magnus Hellberg without a rebound.
15:29 of 2nd period - Rourke Chartier wins face-off versus Chris Brown in Rampage zone.
16:00 of 2nd period - Wrist shot by Ryan Lomberg.
16:00 of 2nd period - Shot Misses the Net.
16:02 of 2nd period - Slapshot by Ryan Lomberg.
16:02 of 2nd period - Shot Misses the Net.
16:18 of 2nd period - Slapshot by Mathieu Brodeur.
16:18 of 2nd period - Stopped by Magnus Hellberg with a rebound.
16:42 of 2nd period - Off-side.
16:43 of 2nd period - Victor Rask wins face-off versus Jordan Kyrou in neutral zone.
16:46 of 2nd period - Jordan Kyrou is hit by Matthew Nieto and loses puck.
17:10 of 2nd period - Jordan Kyrou is hit by Rasmus Andersson and loses puck.
17:25 of 2nd period - Slapshot by Jordan Kyrou.
17:25 of 2nd period - Stopped by Michael Hutchinson without a rebound.
17:26 of 2nd period - Victor Rask wins face-off versus Pierre Engvall in Heat zone.
17:26 of 2nd period - Victor Rask is hit by Pierre Engvall.
17:51 of 2nd period - Ryan Spooner is hit by Trent Frederic and loses puck.
18:30 of 2nd period - Rasmus Andersson is hit by Trent Frederic and loses puck.
18:41 of 2nd period - Vladislav Gavrikov is hit by Frank Corrado and loses puck.
19:31 of 2nd period - Wrist shot by Jeremy Bracco.
19:31 of 2nd period - Shot Blocked by Frank Corrado.
19:33 of 2nd period - Wrist shot by Trent Frederic.
19:33 of 2nd period - Shot Misses the Net.
Goals for this period are 3 for Heat vs 1 for Rampage.
Shots for this period are 18 for Heat vs 10 for Rampage.

3rd period


0:01 of 3rd period - Rourke Chartier wins face-off versus Evgeny Svechnikov in neutral zone.
0:30 of 3rd period - Snap shot by Trevor Carrick.
0:30 of 3rd period - Shot Misses the Net.
1:08 of 3rd period - Snap shot by Ryan Spooner.
1:08 of 3rd period - Shot Blocked by Matt Roy.
1:45 of 3rd period - Off-side.
1:46 of 3rd period - Anthony Richard wins face-off versus Victor Rask in neutral zone.
2:09 of 3rd period - Slapshot by Wiley Sherman.
2:09 of 3rd period - Stopped by Michael Hutchinson without a rebound.
2:10 of 3rd period - Rourke Chartier wins face-off versus Ryan Spooner in Heat zone.
2:11 of 3rd period - Backhand shot by Jordan Kyrou.
2:11 of 3rd period - Shot Blocked by Mathieu Brodeur.
2:21 of 3rd period - Wrist shot by Barclay Goodrow.
2:21 of 3rd period - Stopped by Magnus Hellberg with a rebound.
2:23 of 3rd period - Wrist shot by Ryan Donato.
2:23 of 3rd period - Deflect By Barclay Goodrow.
2:23 of 3rd period - Shot Blocked by Ethan Bear.
2:23 of 3rd period - Puck is out of play.
2:24 of 3rd period - Rourke Chartier wins face-off versus Victor Rask in Rampage zone.
2:26 of 3rd period - Minor Penalty to Travis Sanheim for Hooking.
2:27 of 3rd period - Victor Rask wins face-off versus Trent Frederic in Rampage zone.
3:01 of 3rd period - Slapshot by Rasmus Andersson.
3:01 of 3rd period - Shot Blocked by Trent Frederic.
3:03 of 3rd period - Wrist shot by Barclay Goodrow.
3:03 of 3rd period - Stopped by Magnus Hellberg without a rebound.
3:04 of 3rd period - Trent Frederic wins face-off versus Chris Brown in Rampage zone.
3:21 of 3rd period - Snap shot by Erik Brannstrom.
3:21 of 3rd period - Shot Blocked by Vladislav Gavrikov.
3:23 of 3rd period - Slapshot by Victor Rask.
3:23 of 3rd period - Deflect By Matthew Nieto.
3:23 of 3rd period - Goal by Matthew Nieto - Heat : 4 - Rampage : 1.
3:24 of 3rd period - Matthew Nieto wins face-off versus Rourke Chartier in neutral zone.
3:27 of 3rd period - Dominik Simon is hit by Matthew Nieto and loses puck.
3:54 of 3rd period - Backhand shot by Nico Sturm.
3:54 of 3rd period - Stopped by Magnus Hellberg without a rebound.
3:55 of 3rd period - Nico Sturm wins face-off versus Pierre Engvall in Rampage zone.
3:58 of 3rd period - Slapshot by Nico Sturm.
3:58 of 3rd period - Stopped by Magnus Hellberg with a rebound.
4:26 of 3rd period - Wrist shot by Rourke Chartier.
4:26 of 3rd period - Shot Blocked by Dominik Masin.
4:48 of 3rd period - Snap shot by Barclay Goodrow.
4:48 of 3rd period - Stopped by Magnus Hellberg without a rebound.
4:49 of 3rd period - Rourke Chartier wins face-off versus Ryan Spooner in Rampage zone.
4:49 of 3rd period - Rourke Chartier is hit by Ryan Spooner.
5:02 of 3rd period - Wrist shot by Jordan Kyrou.
5:02 of 3rd period - Shot Misses the Net.
5:04 of 3rd period - Slapshot by Travis Sanheim.
5:04 of 3rd period - Stopped by Michael Hutchinson with a rebound.
5:10 of 3rd period - Minor Penalty to Erik Brannstrom for Tripping.
5:11 of 3rd period - Rourke Chartier wins face-off versus Nico Sturm in Heat zone.
5:12 of 3rd period - Slapshot by Jordan Kyrou.
5:12 of 3rd period - Shot Misses the Net.
5:14 of 3rd period - Slapshot by Travis Sanheim.
5:14 of 3rd period - Shot Blocked by Dominik Masin.
5:16 of 3rd period - Wrist shot by Rourke Chartier.
5:16 of 3rd period - Shot Misses the Net.
5:18 of 3rd period - Wrist shot by Jordan Kyrou.
5:18 of 3rd period - Shot Misses the Net.
5:20 of 3rd period - Wrist shot by Jordan Kyrou.
5:20 of 3rd period - Shot Misses the Net.
5:22 of 3rd period - Snap shot by Ethan Bear.
5:22 of 3rd period - Shot Misses the Net.
5:24 of 3rd period - Slapshot by Jordan Kyrou.
5:24 of 3rd period - Shot Blocked by Rasmus Andersson.
5:26 of 3rd period - Wrist shot by Rourke Chartier.
5:26 of 3rd period - Stopped by Michael Hutchinson with a rebound.
5:57 of 3rd period - Travis Sanheim is hit by Ryan Spooner and loses puck.
7:10 of 3rd period - Penalty to Erik Brannstrom is over, Erik Brannstrom is back on ice.
8:33 of 3rd period - Trevor Carrick is hit by Travis Sanheim and loses puck.
9:17 of 3rd period - Matt Roy is hit by Rasmus Andersson and loses puck.
9:22 of 3rd period - Wrist shot by Peter Cehlarik.
9:22 of 3rd period - Deflect By Chris Brown.
9:22 of 3rd period - Goal by Chris Brown - Heat : 5 - Rampage : 1.
9:23 of 3rd period - Victor Rask wins face-off versus Rourke Chartier in neutral zone.
9:32 of 3rd period - Matthew Nieto is hit by Rourke Chartier and loses puck.
10:17 of 3rd period - Snap shot by Trevor Carrick.
10:17 of 3rd period - Stopped by Magnus Hellberg with a rebound.
10:19 of 3rd period - Snap shot by Eric Karlsson.
10:19 of 3rd period - Deflect By Nico Sturm.
10:19 of 3rd period - Stopped by Magnus Hellberg with a rebound.
10:21 of 3rd period - Slapshot by Nico Sturm.
10:21 of 3rd period - Stopped by Magnus Hellberg with a rebound.
10:56 of 3rd period - Wrist shot by Victor Rask.
10:56 of 3rd period - Stopped by Magnus Hellberg with a rebound.
11:49 of 3rd period - Dominik Masin is hit by Jordan Kyrou.
12:08 of 3rd period - Ryan Lomberg is hit by Rasmus Andersson.
12:38 of 3rd period - Rourke Chartier is hit by Ryan Donato.
12:42 of 3rd period - Rourke Chartier is hit by Ryan Donato and loses puck.
12:59 of 3rd period - Slapshot by Dylan Sikura.
12:59 of 3rd period - Stopped by Michael Hutchinson with a rebound.
13:01 of 3rd period - Slapshot by Travis Sanheim.
13:01 of 3rd period - Deflect By Dylan Sikura.
13:01 of 3rd period - Shot Misses the Net.
13:01 of 3rd period - Puck is out of play.
13:02 of 3rd period - Pierre Engvall wins face-off versus Victor Rask in Heat zone.
15:00 of 3rd period - Snap shot by Wiley Sherman.
15:00 of 3rd period - Shot Blocked by Tage Thompson.
15:02 of 3rd period - Slapshot by Vladislav Gavrikov.
15:02 of 3rd period - Stopped by Michael Hutchinson without a rebound.
15:03 of 3rd period - Rourke Chartier wins face-off versus Evgeny Svechnikov in Heat zone.
15:10 of 3rd period - Matthew Nieto is hit by Travis Sanheim and loses puck.
16:12 of 3rd period - Wrist shot by Evgeny Svechnikov.
16:12 of 3rd period - Shot Blocked by Travis Sanheim.
16:34 of 3rd period - Trevor Carrick is hit by Travis Sanheim and loses puck.
17:01 of 3rd period - Slapshot by Dominik Simon.
17:01 of 3rd period - Shot Blocked by Ryan Spooner.
17:03 of 3rd period - Slapshot by Rourke Chartier.
17:03 of 3rd period - Shot Misses the Net.
17:31 of 3rd period - Snap shot by Rourke Chartier.
17:31 of 3rd period - Shot Misses the Net.
17:33 of 3rd period - Wrist shot by Dominik Simon.
17:33 of 3rd period - Shot Blocked by Mathieu Brodeur.
17:35 of 3rd period - Slapshot by Jordan Kyrou.
17:35 of 3rd period - Shot Blocked by Barclay Goodrow.
17:37 of 3rd period - Slapshot by Travis Sanheim.
17:37 of 3rd period - Shot Blocked by Ryan Spooner.
17:39 of 3rd period - Slapshot by Travis Sanheim.
17:39 of 3rd period - Shot Blocked by Mathieu Brodeur.
17:41 of 3rd period - Snap shot by Rourke Chartier.
17:41 of 3rd period - Deflect By Jordan Kyrou.
17:41 of 3rd period - Stopped by Michael Hutchinson without a rebound.
17:42 of 3rd period - Victor Rask wins face-off versus Pierre Engvall in Heat zone.
18:16 of 3rd period - Wrist shot by Pierre-Luc Dubois.
18:16 of 3rd period - Stopped by Michael Hutchinson without a rebound.
18:17 of 3rd period - Victor Rask wins face-off versus Pierre Engvall in Heat zone.
18:27 of 3rd period - Minor Penalty to Vladislav Gavrikov for Hooking.
18:28 of 3rd period - Evgeny Svechnikov wins face-off versus Trent Frederic in Rampage zone.
18:41 of 3rd period - Snap shot by Evgeny Svechnikov.
18:41 of 3rd period - Stopped by Magnus Hellberg with a rebound.
Goals for this period are 2 for Heat vs 0 for Rampage.
Shots for this period are 12 for Heat vs 7 for Rampage. Output by the SimonT Hockey Simulator (STHS) for Francois Prevost - Original Page W3C HTML5 Valid
Hockey Simulator - Hockey Simulation - Hockey Manager